 Dungeon Crawl Stone Soup version 0.28.0-53-g5a82cb258f (console) character file.

Game seed: 16182417667729004242

116 Cab the Chopper (level 4, -3/36 HPs)
             Began as a Demonspawn Fighter on Aug 21, 2022.
             Slain by dvd2's ghost (12 damage)
             ... on level 3 of the Dungeon.
             The game lasted 00:06:53 (3496 turns).

Cab the Chopper (Demonspawn Fighter)                Turns: 3496, Time: 00:06:54

Health: -3/36      AC: 14    Str: 19    XL:     4   Next: 70%
Magic:  4/4        EV:  9    Int:  9    God:
Gold:   135        SH:  4    Dex: 12    Spells: 3/3 levels left

rFire   . . .      SeeInvis .   a - +0 war axe (protect)
rCold   . . .      Faith    .   c - +0 buckler
rNeg    . . .      Spirit   .   b - +0 scale mail
rPois   .          Reflect  .   (helmet restricted)
rElec   .          Harm     .   (no cloak)
rCorr   .          Rampage  .   (no gloves)
Will    .....                   (no boots)
Stlth   ..........              (no amulet)
HPRegen 0.12/turn               (no ring)
MPRegen 0.09/turn               (no ring)

@: mighty, under a protective aura
A: horns 1, rugged brown scales 1, fangs 1, subdued magic 1
a: no special abilities


You were on level 3 of the Dungeon.
You visited 1 branch of the dungeon, and saw 3 of its levels.

You collected 135 gold pieces.

Inventory:

Hand Weapons
 a - a +0 war axe of protection (weapon)
Armour
 b - a +0 scale mail (worn)
 c - a +0 buckler (worn)
 g - a +0 helmet
Wands
 k - a wand of polymorph (11)
Scrolls
 e - a scroll of amnesia {unknown}
 h - a scroll of fog {unknown}
 j - a scroll of immolation {unknown}
 l - 2 scrolls of teleportation
Potions
 d - a potion of might
 f - a potion of lignification
 i - a potion of mutation
 m - 2 potions of flight


   Skills:
 - Level 3.0 Fighting
 + Level 4.5 Axes
 - Level 2.6 Armour
 - Level 2.6 Shields


You had 3 spell levels left.
You didn't know any spells.
Your spell library contained the following spells:

 Spells                   Type           Power      Damage    Failure   Level
 Wereblood                Tmut           0%         N/A       92%         2
 Ozocubu's Armour         Ice            0%         N/A       99%         3
 Petrify                  Tmut/Erth      0%         N/A       100%        4
 Metabolic Englaciation   Hex/Ice        0%         N/A       100%        5
 Simulacrum               Ice/Necr       0%         N/A       100%        6


Dungeon Overview and Level Annotations

Branches:
Dungeon (3/15)

Altars:

Shops:
D:1 *

Annotations:
D:3 dvd2's ghost, amateur MfGl


Innate Abilities, Weirdness & Mutations

You have a pair of small horns on your head.
You are partially covered in rugged brown scales. (AC +1, +3% HP)
You have very sharp teeth.
Your spells are a little easier to cast, but a little less powerful.


Message History

Dvd2's ghost hits you.
You hit dvd2's ghost but do no damage.
Dvd2's ghost hits you but does no damage.
You slash dvd2's ghost!
Dvd2's ghost is lightly damaged.
Dvd2's ghost barely misses you.
Dvd2's ghost hits you but does no damage.
You hit dvd2's ghost but do no damage. Your headbutt misses dvd2's ghost.
You bite dvd2's ghost, but do no damage.
Dvd2's ghost is lightly damaged.
Dvd2's ghost hits you but does no damage.
You closely miss dvd2's ghost.
Dvd2's ghost is lightly damaged.
Dvd2's ghost barely misses you.
You closely miss dvd2's ghost.
Dvd2's ghost is lightly damaged.
You block dvd2's ghost's attack. Dvd2's ghost hits you!
You hit dvd2's ghost but do no damage.
Dvd2's ghost is lightly damaged.
Dvd2's ghost hits you but does no damage.
You barely miss dvd2's ghost. Your headbutt misses dvd2's ghost.
Your bite misses dvd2's ghost.
Dvd2's ghost is lightly damaged.
Dvd2's ghost barely misses you.
You feel very mighty all of a sudden. You block dvd2's ghost's attack.
You slash dvd2's ghost!
Dvd2's ghost is moderately damaged.
Dvd2's ghost hits you! x2
You slash dvd2's ghost! Your bite misses dvd2's ghost.
Dvd2's ghost is severely damaged.
Dvd2's ghost hits you but does no damage.
You closely miss dvd2's ghost. Your headbutt misses dvd2's ghost.
Dvd2's ghost is severely damaged.
Dvd2's ghost whispers, "They're coming for you..."
You block dvd2's ghost's attack.
You closely miss dvd2's ghost.
Dvd2's ghost is severely damaged.
Dvd2's ghost hits you. Dvd2's ghost hits you!
You die...

∙∙∙∙∙∙∙∙∙∙∙∙∙∙▒▒∙▒ ▒∙∙∙▒ ▒▒▒∙▒
▒▒▒▒▒■▒▒▒▒▒▒▒∙▒▒∙▒ ▒▒▒▒▒ ▒∙∙∙▒▒
▒∙▒ ▒∙▒▒∙▒ ▒▒▒▒▒▒▒▒∙▒∙∙∙
▒▒▒▒▒∙▒▒▒▒▒ ▒∙▒▒∙▒ ▒∙∙∙∙∙∙∙∙∙∙∙∙
▒∙∙∙'∙'∙∙∙▒ ▒∙▒▒∙▒ ▒∙∙∙∙∙∙∙∙∙∙∙∙
▒∙▒▒▒∙▒▒▒∙▒ ▒∙∙▒∙▒ ▒∙∙▒▒▒'''▒▒▒∙
▒∙▒ ▒∙▒ ▒∙▒ ▒∙∙∙∙▒ ▒∙g▒∙∙∙∙∙∙∙▒∙
▒'▒▒▒∙▒▒▒'▒▒▒∙▒▒∙▒ ▒▒∙∙▒∙∙∙∙∙∙∙▒∙
∙∙∙∙∙∙∙∙∙∙∙∙'∙▒▒@▒ ▒∙∙∙▒∙∙∙∙∙!∙▒∙
▒'▒▒▒∙▒▒▒'▒▒▒∙▒▒W▒ ▒∙∙∙▒∙∙∙∙∙∙∙▒∙
▒∙▒ ▒∙▒ ▒∙▒ ▒∙∙▒J▒▒▒∙∙∙▒∙∙∙∙∙∙∙▒∙
▒∙▒▒▒∙▒▒▒∙▒ ▒∙∙∙g∙∙W∙∙∙▒∙∙∙[[∙∙▒∙
▒∙∙('∙'∙∙∙▒ ▒∙∙∙∙∙∙∙∙∙∙▒∙∙∙∙∙∙∙▒∙
▒▒▒▒▒∙▒▒▒▒▒ ▒∙∙∙∙∙∙∙∙∙∙▒▒▒▒▒▒▒▒▒∙
▒∙▒ ▒∙∙∙∙∙∙∙∙∙∙∙∙∙∙∙∙∙∙∙∙
▒▒▒▒▒'▒▒▒▒▒▒▒∙∙∙∙∙∙∙∙∙∙)∙∙∙∙∙∙∙∙∙
∙∙∙∙∙∙∙∙∙∙∙∙∙∙▒▒'▒▒▒∙∙∙∙∙∙∙▒▒▒▒▒▒


You could see dvd2's ghost, a gnoll and an endoplasm.

Vanquished Creatures
  Ijyb (D:3)
  3 adders
  2 worms
  2 dart slugs
  An orc (D:3)
  4 endoplasms
  3 giant cockroaches
  A goblin (D:3)
  9 hobgoblins
  3 jackals (D:3)
  3 kobolds (D:1)
  3 quokkas (D:1)
  5 ball pythons
  4 bats (D:2)
  2 frilled lizards
  3 rats
49 creatures vanquished.

Notes
Turn   | Place    | Note
-------+----------+-------------------------------------------
     0 | D:1      | Cab the Demonspawn Fighter began the quest for the Orb.
     0 | D:1      | Reached XP level 1. HP: 18/18 MP: 1/1
    64 | D:1      | Reached skill level 2 in Axes
   227 | D:1      | Gained mutation: You are partially covered in rugged brown
                  | scales. (AC +1, +3% HP) [demonic ancestry]
   227 | D:1      | Reached XP level 2. HP: 18/24 MP: 2/2
   227 | D:1      | Found Conycisu's Assorted Antiques.
   927 | D:1      | Reached skill level 3 in Axes
  1201 | D:1      | Gained mutation: You have a pair of small horns on your
                  | head. [demonic ancestry]
  1201 | D:1      | Reached XP level 3. HP: 26/29 MP: 3/3
  1430 | D:2      | Gained mutation: Your spells are a little easier to cast,
                  | but a little less powerful. [potion of mutation]
  1430 | D:2      | Gained mutation: You have very sharp teeth. [potion of
                  | mutation]
  1430 | D:2      | HP: 1/29 [poisoned by an adder]
  1875 | D:2      | Found a faded altar of an unknown god.
  2391 | D:2      | Got the Tome of the Shrike
  2781 | D:3      | Noticed Ijyb
  2803 | D:3      | Killed Ijyb
  2804 | D:3      | Reached skill level 4 in Axes
  2804 | D:3      | Reached XP level 4. HP: 32/36 MP: 4/4
  2837 | D:3      | Found a runed translucent gate.
  2837 | D:3      | Found a runed translucent gate.
  2838 | D:3      | Found a runed translucent gate.
  2841 | D:3      | Noticed dvd2's ghost (amateur MfGl)
  3060 | D:3      | Identified the +2 robe of Hoig Cir {Int+7 Stlth-}
  3496 | D:3      | Slain by dvd2's ghost

Illustrated notes

Levels and vault maps discovered:
D:1:      co_arrival_random_square_maze, layout_basic, serial_shops, shop
D:2:      layout_loops_corners, dreamdust_ecumenical_altar_angels_and_demons,
          serial_aquarium, aquarium_bridge_straight [aquarium_subvault_bridge,
          aquarium_subvault_balcony, aquarium_subvault_bridge,
          aquarium_subvault_wall], aquarium_window_corridor_2,
          aquarium_window_fake, aquarium_window_1, aquarium_view_2c,
          aquarium_pool_five, serial_park_tiny_1
D:3:      layout_basic, gammafunk_ghost_split, hangedman_abyss_or_decor_stabs,
          minmay_door_square, uniq_ijyb

Skill      XL: |  1  2  3 |
---------------+----------+-----
Axes           | 2 3 4 |  4.5
Fighting       | |  3.0
Armour         | |  2.6
Shields        | |  2.6

Action                   |  1- 3 |  4- 6 || total
-------------------------+-------+-------++-------
Melee: War axe           |   146 |    41 ||   187
       Headbutt          |     7 |     4 ||    11
       Bite              |     1 |     4 ||     5
  Use: Scroll            |     5 |     1 ||     6
       Potion            |     1 |     1 ||     2
Armor: Scale mail        |    64 |    21 ||    85
       Skin              |    11 |       ||    11
Dodge: Dodged            |    53 |    15 ||    68
Block: Buckler           |    40 |    10 ||    50
